 Dungeon Crawl Stone Soup version 0.27-a0-46-g34d46f0a3f (webtiles) character file.

Game seed: 8164264959346982972

114 Essalna the Magician (level 4, -5/24 HPs)
             Began as a Deep Elf Air Elementalist on Jan 6, 2021.
             Killed from afar by Natasha (7 damage)
             ... with a magic dart
             ... on level 3 of the Dungeon.
             The game lasted 00:04:40 (2543 turns).

Essalna the Magician (Deep Elf Air Elementalist)    Turns: 2543, Time: 00:04:40

Health: -5/24      AC:  2    Str: 11    XL:     4   Next: 67%
Magic:  7/13       EV: 13    Int: 21    God:
Gold:   162        SH:  0    Dex: 15    Spells: 6/13 levels left

rFire    . . .     SeeInvis .   k - +2 short sword (venom)
rCold    . . .     Faith    .   (no shield)
rNeg     . . .     Spirit   .   a - +0 robe
rPois    .         Reflect  .   (no helmet)
rElec    .         Harm     .   (no cloak)
rCorr    .         Rampage  .   (no gloves)
Will     .....                  (no boots)
Stlth    ++........             (no amulet)
HPRegen  0.08/turn              l - +6 ring of strength
MPRegen  0.13/turn              (no ring)

@: invisible
A: no striking features
a: no special abilities


You were on level 3 of the Dungeon.
You visited 1 branch of the dungeon, and saw 3 of its levels.

You collected 162 gold pieces.

Inventory:

Hand Weapons
 k - a +2 short sword of venom (weapon)
Armour
 a - a +0 robe (worn)
Jewellery
 l - a +6 ring of strength (left hand)
Scrolls
 b - a scroll of amnesia {unknown}
 e - 5 scrolls of identify {unknown}
 f - a scroll of noise {unknown}
 g - 3 scrolls of teleportation {unknown}
 j - a scroll of remove curse {unknown}
 n - a scroll of fog {unknown}
Potions
 c - 2 potions of ambrosia {unknown}
 d - a potion of flight {unknown}
 h - 2 potions of lignification {unknown}
 i - a potion of haste {unknown}
 m - a potion of attraction {unknown}


   Skills:
 - Level 2.4 Dodging
 - Level 2.4 Stealth
 + Level 5.2 Spellcasting
 - Level 1.1 Conjurations
 + Level 4.4 Air Magic


You had 6 spell levels left.
You knew the following spells:

 Your Spells              Type           Power        Failure   Level
a - Shock                 Conj/Air       68%          3%          1
b - Swiftness             Air            23%          2%          2
c - Airstrike             Air            11%          17%         4

Your spell library contained the following spells:

 Spells                   Type           Power        Failure   Level
 Static Discharge         Conj/Air       17%          11%         3
 Lightning Bolt           Conj/Air       8%           67%         5


Dungeon Overview and Level Annotations

Branches:
Dungeon (3/15)

Altars:

Annotations:
D:3 1 runed translucent door, Crazy Yiuf, Natasha


Message History

Confirm with . or Enter, or press ? or * to list all spells.
You can't see any susceptible monsters within range! (Use Z to cast anyway.)
Casting: Shock (safe; 3% risk of failure)
Confirm with . or Enter, or press ? or * to list all spells.
Aiming: Shock (safe; 3% risk of failure)
Press: ? - help, Shift-Dir - straight line Something claws you!
* * * LOW HITPOINT WARNING * * *
Casting: Shock (safe; 3% risk of failure)
Confirm with . or Enter, or press ? or * to list all spells.
You don't know that spell.
Casting: Shock (safe; 3% risk of failure)
Confirm with . or Enter, or press ? or * to list all spells.
Okay, then.
Unknown command.
You fade into invisibility!
You hear some strange, mumbled words.
A magic dart appears from out of thin air!
The magic dart hits you!
You die...

... #.##################
#...#
#.................>#
#)g.#
##########........(#
##### #.........# #
#.........# #.
#.........# ###..
#...(.....# ......####
#..†......#
......{@.###.........#
#.#.#..#.............#
.......#####........>###
#.#.#.. #####.......#
....... #######.......#
#.#.#.. ..............#
....$... ..............#
######.# ..............#
#.# ..............#


There were no monsters in sight!

Vanquished Creatures
  Natasha (D:3)
  2 adders (D:2)
  An ooze (D:2)
  A worm (D:2)
  2 leopard geckos
  A giant cockroach (D:1)
  10 hobgoblins
  3 jackals (D:2)
  10 kobolds
  A quokka (D:2)
  2 ball pythons (D:2)
  9 bats
  3 frilled lizards
  6 goblins (D:2)
  6 rats
58 creatures vanquished.

Vanquished Creatures (others)
  5 toadstools (D:1)
5 creatures vanquished.

Grand Total: 63 creatures vanquished

Notes
Turn   | Place    | Note
-------+----------+-------------------------------------------
     0 | D:1      | Essalna the Deep Elf Air Elementalist began the quest for
                  | the Orb.
     0 | D:1      | Reached XP level 1. HP: 10/10 MP: 6/6
   156 | D:1      | Reached XP level 2. HP: 15/15 MP: 5/8
   739 | D:1      | Reached skill level 4 in Spellcasting
  1140 | D:2      | Reached XP level 3. HP: 19/19 MP: 5/10
  1875 | D:2      | Reached XP level 4. HP: 24/24 MP: 12/12
  1884 | D:2      | Learned a level 2 spell: Swiftness
  1889 | D:2      | Learned a level 4 spell: Airstrike
  2392 | D:3      | Noticed Natasha
  2402 | D:3      | Killed Natasha
  2403 | D:3      | Reached skill level 5 in Spellcasting
  2490 | D:3      | Found a runed translucent door.
  2491 | D:3      | Noticed Crazy Yiuf
  2535 | D:3      | Noticed Natasha
  2543 | D:3      | Killed from afar by Natasha

Illustrated notes

Levels and vault maps discovered:
D:1:      ldierk_walled_garden, layout_basic
D:2:      layout_basic
D:3:      layout_rooms, serial_glass, glass_columns_b, glass_columns_a,
          st_stairs_11, uniq_crazy_yiuf_cottage, uniq_natasha

Skill      XL: |  1  2  3  4 |
---------------+-------------+-----
Spellcasting   | 4 5 |  5.2
Air Magic      | 4 |  4.4
Dodging        | |  2.4
Stealth        | |  2.4
Conjurations   | |  1.1

Action                   |  1- 3 |  4- 6 || total
-------------------------+-------+-------++-------
Melee: Unarmed           |     3 |       ||     3
       Short sword       |     6 |    13 ||    19
 Cast: Shock             |    70 |    28 ||    98
  Use: Potion            |       |     1 ||     1
 Stab: Sleeping          |     1 |     1 ||     2
Armor: Robe              |     6 |     4 ||    10
Dodge: Dodged            |    25 |    13 ||    38

Table legend: (Time is in decaauts)
 A = Elapsed time spent in this place.
 B = Non-inter-level travel time spent in this place.
 C = Inter-level travel time spent in this place.
 D = Time resting spent in this place.
 E = Time spent auto-exploring this place.
 F = Levels seen in this place.
 G = Mean time per level.
                   A        B        C        D        E       F      G
               +--------+--------+--------+--------+--------+-----+--------+
         Total |   2554 |   2494 |     60 |      0 |   2218 |   3 |  851.3 |
       Dungeon |   2554 |   2494 |     60 |      0 |   2218 |   3 |  851.3 |
               +--------+--------+--------+--------+--------+-----+--------+

Top non-repeatable levels by time:
     D:2: 1226 daAuts
     D:1: 1093 daAuts
     D:3: 234 daAuts
